 Dungeon Crawl Stone Soup version 0.29-a0-789-g7a8fcbc185 (webtiles) character file.

Game seed: 7961450391348102325

73 Sabo the Shooter (level 4, -6/37 HPs)
             Began as a Minotaur Hunter on July 2, 2022.
             Mangled by Sigmund
             ... wielding a +0 scythe
              (7 damage)
             ... on level 2 of the Dungeon.
             The game lasted 00:10:08 (1899 turns).

Sabo the Shooter (Minotaur Hunter)                  Turns: 1899, Time: 00:10:08

Health: -6/37      AC:  6    Str: 17    XL:     4   Next: 8%
Magic:  3/3        EV: 10    Int:  6    God:
Gold:   81         SH:  0    Dex: 14    Spells: 3/3 levels left

rFire   . . .      SeeInvis .   a - +2 shortbow
rCold   . . .      Faith    .   (shield currently unavailable)
rNeg    . . .      Spirit   .   l - +0 scale mail
rPois   .          Reflect  .   (helmet restricted)
rElec   .          Harm     .   (no cloak)
rCorr   .          Rampage  .   (no gloves)
Will    .....                   (no boots)
Stlth   ..........              (no amulet)
HPRegen 0.12/turn               (no ring)
MPRegen 0.08/turn               (no ring)

@: no status effects
A: horns 2, retaliatory headbutt
a: no special abilities


You were on level 2 of the Dungeon.
You visited 1 branch of the dungeon, and saw 2 of its levels.

You collected 81 gold pieces.

Inventory:

Hand Weapons
 a - a +2 shortbow (weapon)
 j - a +0 hand axe
Missiles
 h - 4 poisoned darts
 k - 6 curare-tipped darts
Armour
 l - a +0 scale mail (worn)
Scrolls
 b - a scroll of immolation
 d - a scroll of noise {unknown}
 e - a scroll of vulnerability {unknown}
 f - a scroll of identify {unknown}
 g - a scroll of teleportation
Potions
 i - a potion of lignification {unknown}


   Skills:
 + Level 2.8 Fighting
 + Level 5.5 Ranged Weapons
 + Level 1.5 Armour
 + Level 2.3 Dodging
 + Level 1.1 Stealth


You had 3 spell levels left.
You didn't know any spells.
Your spell library was empty.

Dungeon Overview and Level Annotations

Branches:
Dungeon (2/15)

Altars:

Annotations:
D:2 Sigmund


Innate Abilities, Weirdness & Mutations

You have a pair of horns on your head.
You reflexively headbutt those who attack you in melee.


Message History

Sigmund shouts!
You hear an angry hiss.
Sigmund gestures wildly while chanting.
Sigmund flickers and vanishes!
Deactivating autopickup; reactivate with Ctrl-A.
Fire: a) +2 shortbow
Press: ? - help, Q - select action, (/) - cycle Shift-Dir - straight line, f - you Really target yourself?
Okay, then.
Fire: a) +2 shortbow
Press: ? - help, Q - select action, (/) - cycle Shift-Dir - straight line You shoot an arrow.
You are confused.
A puff of flame appears from out of thin air!
The puff of flame hits you!
Non-targeted confused fire: a) +2 shortbow
Press: ? - help, Q - select action, (/) - cycle Dir - look around, f - activate You shoot an arrow.
You bump into the rock wall.
A puff of flame appears from out of thin air!
The puff of flame hits you.
A frilled lizard comes into view.
The frilled lizard hisses angrily.
You bump into the rock wall.
Non-targeted confused fire: a) +2 shortbow
Press: ? - help, Q - select action, (/) - cycle Dir - look around, f - activate You shoot an arrow.
Something hits you!
Non-targeted confused fire: a) +2 shortbow
Press: ? - help, Q - select action, (/) - cycle Dir - look around, f - activate You shoot an arrow.
You feel less confused.
A magic dart appears from out of thin air!
The magic dart hits you!
* * * LOW HITPOINT WARNING * * *
Unknown command.
Fire: a) +2 shortbow
Press: ? - help, Q - select action, (/) - cycle Shift-Dir - straight line You shoot an arrow.
Something hits you!
You die...

........#####...... ..
#.# ........# #......
#.###)## ....@...# #.....
..##...
........#####.....
#.##.##
##########......)###.#
##.##.#. #.......'...#
#.....#. #......{#
###.....#. #######l#
#.#.#..... #@####
#.#.#...#. #....#
#...♣.♣... ###########.#
#.##♣.♣.#. #......#
#.####.# ♣.♣>#. #......#
#....#.# #.#.## #......#
####.#.# #...#
#......#######.#.# #####
#....).).).....#.########
#......######............


You could see a frilled lizard.

Vanquished Creatures
  Jessica (D:2)
  Robin (D:2)
  An adder (D:2)
  An endoplasm (D:1)
  10 goblins
  6 hobgoblins
  2 quokkas
  A ball python (D:1)
  A frilled lizard (D:1)
  A bush (D:2)
25 creatures vanquished.

Notes
Turn   | Place    | Note
-------+----------+-------------------------------------------
     0 | D:1      | Sabo the Minotaur Hunter began the quest for the Orb.
     0 | D:1      | Reached XP level 1. HP: 18/18 MP: 0/0
   777 | D:1      | Reached skill level 1 in Stealth
   777 | D:1      | Reached XP level 2. HP: 23/25 MP: 1/1
  1279 | D:2      | Noticed Jessica
  1355 | D:2      | Reached skill level 5 in Ranged Weapons
  1482 | D:2      | Noticed Robin
  1487 | D:2      | Reached skill level 1 in Armour
  1491 | D:2      | Reached XP level 3. HP: 25/30 MP: 2/2
  1501 | D:2      | Killed Robin
  1887 | D:2      | Killed Jessica
  1888 | D:2      | Reached XP level 4. HP: 37/37 MP: 3/3
  1888 | D:2      | Noticed Sigmund
  1898 | D:2      | HP: 1/37 [something/magic dart (12)]
  1899 | D:2      | Mangled by Sigmund

Illustrated notes

Levels and vault maps discovered:
D:1:      tarquinn_simple_flora_water_b, layout_basic
D:2:      layout_basic, serial_forest, infiniplex_forest_lined_corner,
          infiniplex_forest_straight_3, infiniplex_forest_straight_1,
          infiniplex_forest_lined_corner, infiniplex_forest_end_1,
          infiniplex_forest_clump_diagonal, infiniplex_forest_split, uniq_robin,
          uniq_sigmund, uniq_jessica

Skill      XL: |  1  2 |
---------------+-------+-----
Stealth        | 1 |  1.1
Ranged Weapons | 5 |  5.5
Armour         | 1 |  1.5
Fighting       | |  2.8
Dodging        | |  2.3

Action                   |  1- 3 |  4- 6 || total
-------------------------+-------+-------++-------
Melee: Hand axe          |   115 |       ||   115
       Headbutt          |    39 |       ||    39
       Punch             |     1 |       ||     1
 Fire: Shortbow          |    46 |     5 ||    51
  Use: Scroll            |     3 |       ||     3
Armor: Scale mail        |     5 |       ||     5
Dodge: Dodged            |    18 |       ||    18

Table legend: (Time is in decaauts)
 A = Elapsed time spent in this place.
 B = Non-inter-level travel time spent in this place.
 C = Inter-level travel time spent in this place.
 D = Time resting spent in this place.
 E = Time spent auto-exploring this place.
 F = Levels seen in this place.
 G = Mean time per level.
                   A        B        C        D        E       F      G
               +--------+--------+--------+--------+--------+-----+--------+
         Total |   1951 |   1951 |      0 |    147 |      0 |   2 |  975.5 |
       Dungeon |   1951 |   1951 |      0 |    147 |      0 |   2 |  975.5 |
               +--------+--------+--------+--------+--------+-----+--------+

Top non-repeatable levels by time:
     D:1: 1322 daAuts
     D:2: 629 daAuts
